 Dungeon Crawl Stone Soup version 0.31-a0-848-gaac375c287 (webtiles) character file.

Game seed: 4748409754491616049

119 MachoJfn the Stinger (level 4, -2/30 HPs)
             Began as a Demonspawn Venom Mage on Oct 3, 2023.
             Was a Believer of Sif Muna.
             Slain by an ogre
             ... wielding a +0 giant spiked club
              (29 damage)
             ... on level 3 of the Dungeon on Oct 4, 2023.
             The game lasted 00:13:28 (2652 turns).

MachoJfn the Stinger (Demonspawn Venom Mage)        Turns: 2652, Time: 00:13:29

Health: -2/30      AC:  2    Str:  8    XL:     4   Next: 73%
Magic:  0/8        EV: 12    Int: 18    God:    Sif Muna [**....]
Gold:   99         SH:  0    Dex: 14    Spells: 4/9 levels left

rFire   . . .        h - +2 dagger (venom)
rCold   . . .        (no shield)
rNeg    . . .        a - +0 robe
rPois   .            (no helmet)
rElec   .            (no cloak)
rCorr   .            (no gloves)
SInv    .            (no boots)
Will    .....        d - amulet of guardian spirit
Stlth   ++           (no ring)
HPRegen 0.25/turn    (no ring)
MPRegen 0.22/turn

%: guardian spirit
@: wereblooded
A: claws 1, magic regeneration
a: Renounce Religion, Channel Magic


You were on level 3 of the Dungeon.
You worshipped Sif Muna.
Sif Muna was pleased with you.
You visited 1 branch of the dungeon, and saw 3 of its levels.

You collected 99 gold pieces.

Inventory:

Hand Weapons
 h - a +2 dagger of venom (weapon)
Missiles
 c - 14 stones
Armour
 a - a +0 robe (worn)
Jewellery
 d - an amulet of guardian spirit (around neck)
Potions
 b - a potion of magic


   Skills:
 + Level 0.2 Fighting
 + Level 0.1 Maces & Flails
 + Level 2.0 Dodging
 + Level 1.9 Stealth
 + Level 3.0 Spellcasting
 + Level 2.2 Transmutations
 + Level 0.7 Air Magic
 + Level 3.8 Poison Magic


You had 4 spell levels left.
You knew the following spells:

 Your Spells              Type           Power      Damage    Failure   Level
a - Sting                 Tmut/Pois      52%        1d5       4%          1
b - Poisonous Vapours     Pois/Air       20%        N/A       10%         2
c - Wereblood             Tmut           10%        N/A       10%         2

Your spell library contained the following spells:

 Spells                   Type           Power      Damage    Failure   Level
 Blink                    Tloc           4%         N/A       24%         2
 Sublimation of Blood     Necr           2%         N/A       24%         2
 Mephitic Cloud           Conj/Pois/Air  8%         N/A       26%         3
 Olgreb's Toxic Radiance  Pois           16%        N/A       34%         4
 Manifold Assault         Tloc           2%         N/A       85%         4
 Summon Hydra             Summ           1%         N/A       100%        7


Dungeon Overview and Level Annotations

Branches:
Dungeon (3/15)

Altars:
Sif Muna

Shops:
D:1 [


Innate Abilities, Weirdness & Mutations

You have sharp fingernails.
You regenerate magic rapidly.


Message History

Casting: Poisonous Vapours (safe; 10% risk of failure)
Confirm with . or Enter, or press ? or * to list all spells.
Okay, then.
You drop 7 stones.
c - 14 stones (gained 7)
Casting: Poisonous Vapours (safe; 10% risk of failure)
Confirm with . or Enter, or press ? or * to list all spells.
Your blood is infused with primal strength.
The hobgoblin barely misses you.
You scratch the hobgoblin.
The hobgoblin is heavily wounded.
The hobgoblin hits you.
You scratch the hobgoblin but do no damage.
The hobgoblin is heavily wounded.
The hobgoblin barely misses you.
You scratch the hobgoblin but do no damage.
The hobgoblin is heavily wounded.
The hobgoblin hits you.
You barely miss the hobgoblin.
The hobgoblin is heavily wounded.
The hobgoblin barely misses you.
You closely miss the hobgoblin.
The hobgoblin is heavily wounded.
The hobgoblin hits you.
Casting: Wereblood (safe; 10% risk of failure)
Confirm with . or Enter, or press ? or * to list all spells.
Okay, then.
There are no items here.
Your +2 dagger of venom begins to drip with poison!
h - a +2 dagger of venom (weapon)
The hobgoblin closely misses you.
You hit the hobgoblin.
You feel a bit better.
You kill the hobgoblin!
Sif Muna accepts your kill.
You hit the ogre.
The ogre is lightly wounded.
You howl as the wereblood boils in your veins!
The ogre hits you with a +0 giant spiked club!!!
Ouch! That really hurt!
You die...

* *,* *,* *
*,****###############
*,* *
*,,,,,....###########
*,** *
*,****###.###########
*,,, * *,*
###.###########****,** *
*,*
**###O###########,,,,,**
* *,*
*,....#########..,,,,,,,
******,*
*,###########.#.#.#####,
,,,,,,,*
*,###.O@......#.#......,
********
*,###.#####.#.........##
*,....###.......#......,
**#######.#...........#*
#######.....#.##.#..#
####.......###.#....#*
**
####.###...........<#.
,**
####.###)............#
,,* #.# ##..###........


You could see an ogre.

Vanquished Creatures
  Jessica (D:2)
  Robin (D:2)
  2 adders (D:2)
  2 dart slugs (D:2)
  An orc (D:3)
  3 endoplasms (D:1)
  2 giant cockroaches (D:1)
  13 goblins
  7 hobgoblins
  3 quokkas
  3 ball pythons (D:1)
  5 bats
  2 frilled lizards
  8 kobolds
  A rat (D:1)
54 creatures vanquished.

Notes
Turn   | Place    | Note
-------+----------+-------------------------------------------
     0 | D:1      | MachoJfn the Demonspawn Venom Mage began the quest for the
                  | Orb.
     0 | D:1      | Reached XP level 1. HP: 13/13 MP: 3/3
   341 | D:1      | Gained mutation: You regenerate magic rapidly. [demonic
                  | ancestry]
   341 | D:1      | Reached XP level 2. HP: 19/19 MP: 3/5
   356 | D:1      | Found a faded altar of an unknown god.
   376 | D:1      | Prayed at the altar of an unknown god.
   376 | D:1      | Became a worshipper of Sif Muna the Loreminder
   376 | D:1      | Reached * piety under Sif Muna
   389 | D:1      | Reached skill level 1 in Transmutations
   819 | D:1      | Found Hog Pya's Armour Boutique.
  1078 | D:1      | Upgraded the game from 0.31-a0-846-gb3bcc0d938 to
                  | 0.31-a0-848-gaac375c287
  1185 | D:2      | Reached XP level 3. HP: 4/24 MP: 0/6
  1271 | D:2      | Learned a level 2 spell: Poisonous Vapours
  1372 | D:2      | Reached ** piety under Sif Muna
  1802 | D:2      | Noticed Jessica
  1806 | D:2      | Killed Jessica
  1807 | D:2      | Gained mutation: You have sharp fingernails. [demonic
                  | ancestry]
  1807 | D:2      | Reached XP level 4. HP: 30/30 MP: 0/8
  2324 | D:2      | Noticed Robin
  2343 | D:2      | Killed Robin
  2635 | D:3      | Noticed an ogre
  2639 | D:3      | Learned a level 2 spell: Wereblood
  2652 | D:3      | Slain by an ogre

Illustrated notes

Levels and vault maps discovered:
D:1:      ldierk_walled_garden, layout_basic, serial_shops, shop,
          chequers_ecumenical_altar_island
D:2:      layout_basic, uniq_robin, uniq_jessica
D:3:      layout_basic, minmay_ruptured, uniq_natasha

Skill      XL: |  1  2  3  4 |
---------------+-------------+-----
Transmutations | 1 2 |  2.2
Spellcasting   | 3 |  3.0
Dodging        | 2 |  2.0
Fighting       | |  0.2
Maces & Flails | |  0.1
Stealth        | |  1.9
Air Magic      | |  0.7
Poison Magic   | |  3.8

Action                     |  1- 3 |  4- 6 || total
---------------------------+-------+-------++-------
  Melee: Mace              |     5 |       ||     5
         Whip              |    46 |       ||    46
         Dagger            |       |     8 ||     8
         Unarmed           |       |     5 ||     5
   Cast: Sting             |    47 |    28 ||    75
         Poisonous Vapours |    20 |     7 ||    27
         Wereblood         |       |     1 ||     1
 Invoke: Channel Magic     |       |     1 ||     1
    Use: Scroll            |     1 |     2 ||     3
         Potion            |     1 |       ||     1
 Armour: Robe              |    56 |    22 ||    78
  Dodge: Dodged            |    83 |    29 ||   112

Table legend: (Time is in decaauts)
 A = Elapsed time spent in this place.
 B = Non-inter-level travel time spent in this place.
 C = Inter-level travel time spent in this place.
 D = Time resting spent in this place.
 E = Time spent auto-exploring this place.
 F = Levels seen in this place.
 G = Mean time per level.
                   A        B        C        D        E       F      G
               +--------+--------+--------+--------+--------+-----+--------+
         Total |   2663 |   2565 |     98 |    150 |   2022 |   3 |  887.7 |
       Dungeon |   2663 |   2565 |     98 |    150 |   2022 |   3 |  887.7 |
               +--------+--------+--------+--------+--------+-----+--------+

Top non-repeatable levels by time:
     D:2: 1468 daAuts
     D:1: 1101 daAuts
     D:3: 92 daAuts
